[Event "Titled Tuesday Blitz August 08 Late 2023"]
[White "Fernandez Siles, Luis"]
[Black "Tsvetkov, Andrey"]
[WhiteFideId "2209420"]
[BlackFideId "34139360"]
[WhiteElo "2346"]
[BlackElo "2638"]
[Result "0-1"]
[Round "4"]
[TimeControl "180+1"]
[Date "2023.08.08"]
[WhiteClock "0:00:00"]
[BlackClock "0:00:10"]
[Board "80"]

1. e4 c5 2. Nf3 d6 3. Bb5+ Nd7 4. O-O a6 5. Bd3 Ngf6 6. Re1 g6 7. c3 Bh6 8. Bc2 Ne5 9. h3 O-O 10. Qe2 Qc7 11. d3 Bxc1 12. Rxc1 b5 13. Nbd2 Bb7 14. Nf1 Rac8 15. N3h2 c4 16. d4 Nd3 17. Bxd3 cxd3 18. Qxd3 Nxe4 19. Re1 Qc4 20. Qe3 Rfe8 21. Qh6 Qd5 22. Ne3 Qg5 23. Qxg5 Nxg5 24. f3 h5 25. h4 Ne6 26. g3 b4 27. Rac1 bxc3 28. bxc3 Rc7 29. d5 Nc5 30. Rb1 Rec8 31. c4 a5 32. Rb5 a4 33. Ra5 Ra8 34. Rxa8+ Bxa8 35. f4 Bb7 36. f5 Nd3 37. Rb1 Ba6 38. fxg6 fxg6 39. Rb8+ Kg7 40. Nf3 Rc8 41. Rxc8 Bxc8 42. Nd4 Kf6 43. Nc6 Ba6 44. Kf1 a3 45. Ke2 Nc1+ 46. Kd2 Nxa2 47. Nb8 Nb4 48. Kc3 a2 49. Kb2 Bc8 50. Nc6 Nxc6 51. dxc6 e6 52. Kxa2 Ke5 53. Kb3 Kd4 54. Nc2+ Kc5 55. Ne3 Kxc6 56. Kb4 e5 57. Nd5 Kd7 58. Kb5 Bb7 59. Ne3 Ke6 60. Kb6 Be4 61. Kc7 d5 62. c5 d4 0-1


[Site "https://www.chess.com"]

[Event "Titled Tuesday Blitz August 08 Late 2023"]
[White "Tologon tegin, Semetei"]
[Black "Gerbelli Neto, Eduardo"]
[WhiteFideId "13800574"]
[BlackFideId "2103281"]
[WhiteElo "2619"]
[BlackElo "2334"]
[Result "1-0"]
[Round "4"]
[TimeControl "180+1"]
[Date "2023.08.08"]
[WhiteClock "0:01:23"]
[BlackClock "0:00:46"]
[Board "81"]

1. e4 e5 2. Nc3 Nf6 3. f4 d5 4. fxe5 Nxe4 5. Nf3 Bc5 6. d4 Bb4 7. Bd2 c5 8. Bd3 Nxd2 9. Qxd2 c4 10. Be2 Nc6 11. O-O Be6 12. Qe3 O-O 13. Ng5 Be7 14. Nxe6 fxe6 15. Bg4 Qd7 16. Ne2 h6 17. Qh3 Rxf1+ 18. Rxf1 Nd8 19. Nf4 Qb5 20. Bxe6+ 1-0


[Site "https://www.chess.com"]

[Event "Titled Tuesday Blitz August 08 Late 2023"]
[White "Goldin, Alexander"]
[Black "Vafin, Ayrat"]
[WhiteFideId "2019540"]
[BlackFideId "4146530"]
[WhiteElo "2618"]
[BlackElo "2315"]
[Result "1-0"]
[Round "4"]
[TimeControl "180+1"]
[Date "2023.08.08"]
[WhiteClock "0:00:17"]
[BlackClock "0:00:01"]
[Board "82"]

1. Nf3 d5 2. g3 Nf6 3. Bg2 Bg4 4. c4 Bxf3 5. Bxf3 c6 6. Qb3 Qb6 7. Qc2 e6 8. d3 Nbd7 9. O-O Be7 10. Be3 Bc5 11. Bxc5 Nxc5 12. Nd2 O-O 13. Rfc1 Ncd7 14. Bg2 a5 15. Nf3 Rac8 16. h3 h6 17. e3 e5 18. cxd5 Nxd5 19. a3 Rfd8 20. Nd2 N7f6 21. Nc4 Qc7 22. Rab1 a4 23. Nd2 Ra8 24. Nf3 Qe7 25. Qc4 Nb6 26. Qc3 e4 27. dxe4 Nxe4 28. Qc2 Nd5 29. Kh2 h5 30. Rd1 Re8 31. Rd3 g5 32. Nd4 h4 33. g4 Qe5+ 34. Kg1 Nef6 35. Nf5 Rad8 36. Qxa4 Rb8 37. Qc2 Rbc8 38. Rbd1 Rb8 39. b4 Ra8 40. Qc4 Rab8 41. Rf1 Ra8 42. f4 Nxe3 43. Rxe3 Qc7 44. Rxe8+ Rxe8 45. fxg5 Nd7 46. Nh6+ Kh8 47. Qxf7 Qb6+ 48. Kh1 Ne5 49. Qxe8+ 1-0


[Site "https://www.chess.com"]

[Event "Titled Tuesday Blitz August 08 Late 2023"]
[White "Hilary46"]
[Black "Kula, Robert"]
[BlackFideId "1101218"]
[WhiteElo "2617"]
[BlackElo "2245"]
[Result "0-1"]
[Round "4"]
[TimeControl "180+1"]
[Date "2023.08.08"]
[WhiteClock "0:00:00"]
[BlackClock "0:00:12"]
[Board "83"]

1. e4 e5 2. Nf3 Nc6 3. Bb5 Nd4 4. Nxd4 exd4 5. O-O Bc5 6. d3 c6 7. Bc4 d5 8. exd5 cxd5 9. Bb5+ Bd7 10. Bxd7+ Qxd7 11. Re1+ Ne7 12. Bg5 f6 13. Bf4 O-O 14. Nd2 Rae8 15. Nb3 Bb6 16. h3 g5 17. Bd2 Ng6 18. Qg4 Qxg4 19. hxg4 Rc8 20. Rac1 Kf7 21. Kf1 Rfd8 22. f3 a6 23. Re2 h6 24. Ba5 Bxa5 25. Nxa5 Nf4 26. Rd2 Rd7 27. Nb3 Ne6 28. c3 dxc3 29. Rxc3 Rxc3 30. bxc3 Rc7 31. Rc2 b5 32. Ke2 Nf4+ 33. Ke3 Ke6 34. g3 Ng6 35. f4 Kd6 36. Nd4 Ne7 37. Kd2 gxf4 38. gxf4 f5 39. gxf5 Nc6 40. Nxc6 Rxc6 41. Ke3 Kc5 42. Rh2 Rf6 43. Rh5 d4+ 44. cxd4+ Kd5 45. a3 a5 46. Rh1 b4 47. axb4 axb4 48. Rb1 Rb6 49. f6 Re6+ 50. Kf3 Kxd4 51. Rxb4+ Kxd3 52. Rb5 Rxf6 53. Rd5+ Kc4 54. Rd1 Kc5 55. Kg4 Rf8 56. f5 h5+ 57. Kg5 h4 58. f6 h3 0-1


[Site "https://www.chess.com"]

[Event "Titled Tuesday Blitz August 08 Late 2023"]
[White "Zarubitski, Viachaslau"]
[Black "laskakid"]
[WhiteFideId "13509373"]
[WhiteElo "2615"]
[BlackElo "2101"]
[Result "1-0"]
[Round "4"]
[TimeControl "180+1"]
[Date "2023.08.08"]
[WhiteClock "0:01:10"]
[BlackClock "0:00:42"]
[Board "84"]

1. e4 e5 2. Nf3 Nc6 3. Bc4 Nf6 4. d3 Bc5 5. Nbd2 d6 6. O-O a5 7. c3 Ba7 8. Re1 O-O 9. h3 h6 10. Nf1 Be6 11. Bxe6 fxe6 12. Ng3 Qe8 13. Be3 Bxe3 14. Rxe3 a4 15. a3 Ne7 16. d4 exd4 17. cxd4 Ng6 18. Rc1 c6 19. Qc2 Qf7 20. Ne1 Nh4 21. Nf3 Ng6 22. Rf1 d5 23. e5 Nd7 24. Ne1 Nf4 25. Nd3 g5 26. Nxf4 Qxf4 27. Qg6+ Kh8 28. Qxh6+ Kg8 29. Qxe6+ Rf7 30. Rf3 1-0


[Site "https://www.chess.com"]

[Event "Titled Tuesday Blitz August 08 Late 2023"]
[White "Sabar Ethmane Daouda"]
[Black "Miladinovic, Igor"]
[WhiteFideId "19600097"]
[BlackFideId "4203380"]
[WhiteElo "2223"]
[BlackElo "2773"]
[Result "0-1"]
[Round "4"]
[TimeControl "180+1"]
[Date "2023.08.08"]
[WhiteClock "0:01:12"]
[BlackClock "0:02:01"]
[Board "85"]

1. b3 e5 2. Bb2 Nc6 3. e3 Nf6 4. Bb5 Bd6 5. Bxc6 dxc6 6. Nf3 e4 7. Nd4 O-O 8. c4 Ng4 9. f4 exf3 10. Nxf3 Bxh2 11. Qe2 Bg3+ 12. Kf1 Bf5 13. d4 Re8 14. Bc1 Nf2 15. Rh5 Bd3 0-1


[Site "https://www.chess.com"]

[Event "Titled Tuesday Blitz August 08 Late 2023"]
[White "Haydon, David L"]
[Black "Sreyas Payyappat"]
[WhiteFideId "415405"]
[BlackFideId "46674969"]
[WhiteElo "2768"]
[BlackElo "2506"]
[Result "1-0"]
[Round "4"]
[TimeControl "180+1"]
[Date "2023.08.08"]
[WhiteClock "0:00:53"]
[BlackClock "0:00:00"]
[Board "86"]

1. d4 Nf6 2. Nc3 d5 3. Bf4 c5 4. e3 Bf5 5. Nf3 e6 6. Bd3 Bg4 7. h3 Bxf3 8. Qxf3 c4 9. Be2 Nc6 10. O-O Bd6 11. Rfd1 O-O 12. e4 Bxf4 13. Qxf4 Qb6 14. e5 Nd7 15. Qd2 f6 16. exf6 Rxf6 17. b3 cxb3 18. axb3 Raf8 19. Na4 Qc7 20. Rf1 Rf4 21. c3 Nf6 22. Nc5 Ne4 23. Nxe4 dxe4 24. Bc4 Qf7 25. d5 Ne5 26. dxe6 Qe7 27. Bd5 Kh8 28. Qe3 Qg5 29. Bxe4 Qh6 30. g3 g5 31. gxf4 gxf4 32. Qd4 Qg7+ 33. Kh2 1-0


[Site "https://www.chess.com"]

[Event "Titled Tuesday Blitz August 08 Late 2023"]
[White "Aradhya, Garg"]
[Black "D`Arruda, Ricardo D."]
[WhiteFideId "25006746"]
[BlackFideId "100692"]
[WhiteElo "2745"]
[BlackElo "2505"]
[Result "1-0"]
[Round "4"]
[TimeControl "180+1"]
[Date "2023.08.08"]
[WhiteClock "0:02:07"]
[BlackClock "0:01:04"]
[Board "87"]

1. d4 Nf6 2. Nf3 e6 3. Bg5 d5 4. e3 Nbd7 5. c4 c6 6. Nc3 Be7 7. Rc1 Ne4 8. Bxe7 Qxe7 9. Qc2 Nxc3 10. Qxc3 O-O 11. h4 Re8 12. Be2 dxc4 13. Bxc4 h6 14. g4 e5 15. g5 exd4 16. Qxd4 Ne5 17. Nxe5 Qxe5 18. g6 Qa5+ 19. b4 Qxb4+ 20. Kf1 1-0


[Site "https://www.chess.com"]

[Event "Titled Tuesday Blitz August 08 Late 2023"]
[White "Mortazavi, Ali"]
[Black "Seemann, Jakub"]
[WhiteFideId "401323"]
[BlackFideId "21874697"]
[WhiteElo "2489"]
[BlackElo "2653"]
[Result "0-1"]
[Round "4"]
[TimeControl "180+1"]
[Date "2023.08.08"]
[WhiteClock "0:00:00"]
[BlackClock "0:00:04"]
[Board "88"]

1. Nf3 Nf6 2. g3 g6 3. Bg2 Bg7 4. O-O O-O 5. d3 d5 6. Nbd2 c5 7. e3 Nc6 8. e4 e5 9. c3 Re8 10. Qa4 h6 11. exd5 Nxd5 12. Ne4 Qe7 13. Qc4 Be6 14. Qxc5 Qd7 15. Qa3 b6 16. Qa4 Rac8 17. Rd1 f5 18. Ned2 Qf7 19. Nc4 Qc7 20. Ne3 Nde7 21. Qc2 Rcd8 22. Qe2 g5 23. Nc2 Nd5 24. Bxg5 hxg5 25. Nxg5 Bf6 26. Nxe6 Rxe6 27. c4 Nde7 28. d4 Na5 29. d5 Red6 30. b3 Bg7 31. Rac1 Ng6 32. Qh5 Qf7 33. Ne3 Rf6 34. c5 bxc5 35. Rxc5 Nb7 36. Rc6 Nd6 37. Rdc1 e4 38. Rc7 Rd7 39. Rxd7 Qxd7 40. Bh3 Ne5 41. Kg2 Nd3 42. Rc6 Qf7 43. Qxf7+ Kxf7 44. Rc7+ Kg6 45. Rxa7 f4 46. gxf4 Nxf4+ 47. Kg3 Nxh3 48. Kxh3 Bh6 49. Ng4 Rf3+ 50. Kg2 Bf4 51. h3 Nf5 52. Ra6+ Kg5 53. Kf1 e3 54. Ke2 Nd4+ 55. Kf1 e2+ 56. Ke1 Rd3 0-1


[Site "https://www.chess.com"]

[Event "Titled Tuesday Blitz August 08 Late 2023"]
[White "Zeynalli, Rashad"]
[Black "Rakitic2010"]
[WhiteFideId "13403320"]
[WhiteElo "2644"]
[BlackElo "2489"]
[Result "1-0"]
[Round "4"]
[TimeControl "180+1"]
[Date "2023.08.08"]
[WhiteClock "0:01:40"]
[BlackClock "0:00:02"]
[Board "89"]

1. e4 c5 2. Nf3 e6 3. g3 Nc6 4. Bg2 Nf6 5. Qe2 d5 6. exd5 Nxd5 7. O-O Be7 8. Rd1 Qb6 9. Na3 O-O 10. Nc4 Qa6 11. Bf1 Nd4 12. Nxd4 cxd4 13. Ne5 Qxe2 14. Bxe2 f6 15. Nf3 e5 16. c3 Bg4 17. Nxd4 Bxe2 18. Nxe2 Rad8 19. d4 e4 20. Nf4 Nc7 21. Re1 f5 22. f3 Bd6 23. fxe4 fxe4 24. Rxe4 Rde8 25. Rxe8 Rxe8 26. Kf2 Rf8 27. Ke2 Re8+ 28. Kd1 g5 29. Nh5 Kf7 30. g4 Re4 31. h3 Kg6 32. Bd2 Nd5 33. Kc2 Re2 34. Re1 Ne3+ 35. Kd3 Rxe1 36. Bxe1 Ng2 37. Bd2 Nh4 38. Ke4 Bc7 39. c4 h6 40. c5 Kf7 41. d5 Ng6 42. d6 Ba5 43. Bxa5 1-0


[Site "https://www.chess.com"]

[Event "Titled Tuesday Blitz August 08 Late 2023"]
[White "Goltsev, Dmitry"]
[Black "Castro Silva, Moises Antonio"]
[WhiteFideId "24176710"]
[BlackFideId "3909794"]
[WhiteElo "2633"]
[BlackElo "2448"]
[Result "1-0"]
[Round "4"]
[TimeControl "180+1"]
[Date "2023.08.08"]
[WhiteClock "0:00:20"]
[BlackClock "0:00:01"]
[Board "90"]

1. e4 c5 2. Nf3 Nc6 3. d4 cxd4 4. Nxd4 Nf6 5. Nc3 e5 6. Nf5 d5 7. exd5 Bxf5 8. dxc6 bxc6 9. Bd3 Bxd3 10. Qxd3 Qxd3 11. cxd3 O-O-O 12. Ke2 Bc5 13. Bg5 Bd4 14. Rac1 Kb7 15. Rc2 Rd6 16. Bxf6 Rxf6 17. Ne4 Rg6 18. Rhc1 Rc8 19. b4 f5 20. Ng3 Rf6 21. f3 g6 22. Kd2 Rd6 23. Ne2 Rcd8 24. Nxd4 Rxd4 25. Rxc6 Rxd3+ 26. Ke1 R8d7 27. R6c5 e4 28. Rb5+ Ka6 29. a4 R7d6 30. fxe4 fxe4 31. Rc7 e3 32. Ke2 Rd2+ 33. Kxe3 Rxg2 34. Rxh7 Re6+ 35. Kf3 Rb2 36. Rbb7 Rb3+ 37. Kf4 Re2 38. Rxa7+ Kb6 39. Rab7+ Ka6 40. h4 Rf2+ 41. Kg5 Rg2+ 42. Kh6 Rh3 43. Ra7+ Kb6 44. Rhb7+ Kc6 45. b5+ Kc5 46. Rc7+ Kb6 47. Rab7+ Ka5 48. Rc4 g5 49. h5 g4 50. Ra7+ Kb6 51. Ra6+ Kb7 52. Rg6 Rgh2 53. Rg5 g3 54. a5 g2 55. Rcg4 Rf3 56. Rg7+ Kb8 57. Rg8+ Kc7 58. Rxg2 Rxg2 59. Rxg2 Rf5 60. Rg5 Rf4 61. Kg6 Rb4 62. h6 1-0


[Site "https://www.chess.com"]

[Event "Titled Tuesday Blitz August 08 Late 2023"]
[White "Hristodoulou, Panagiotis"]
[Black "Schwabeneder, Florian"]
[WhiteFideId "4214340"]
[BlackFideId "1626191"]
[WhiteElo "2465"]
[BlackElo "2624"]
[Result "1-0"]
[Round "4"]
[TimeControl "180+1"]
[Date "2023.08.08"]
[WhiteClock "0:00:07"]
[BlackClock "0:00:03"]
[Board "91"]

1. d4 Nf6 2. Nc3 d5 3. Bf4 c6 4. e3 Bf5 5. Nf3 h6 6. Bd3 Bg4 7. h3 Bxf3 8. Qxf3 e6 9. O-O Qb6 10. a3 Nbd7 11. Rfe1 Be7 12. g4 Qd8 13. Rad1 Nh7 14. e4 dxe4 15. Nxe4 Ndf6 16. c4 Nxe4 17. Bxe4 Nf6 18. Bc2 O-O 19. Qd3 Qa5 20. Be5 g6 21. Qf3 Nh7 22. b4 Qb6 23. d5 cxd5 24. cxd5 exd5 25. Rxd5 Rae8 26. Bb3 Bf6 27. Re3 Bxe5 28. Rdxe5 Rxe5 29. Rxe5 Qd6 30. Rd5 Qe7 31. Kg2 Ng5 32. Qd3 Ne6 33. Qe3 Qf6 34. Kh2 Rc8 35. Rd3 Nf4 36. Rd7 Rf8 37. Qe7 Qxe7 38. Rxe7 Kg7 39. Rxb7 Kf6 40. Rxa7 g5 41. b5 Rc8 42. Rxf7+ Ke5 43. Rf5+ Ke4 44. b6 Rc3 45. Rb5 Rxh3+ 46. Kg1 Ne2+ 47. Kf1 Nd4 48. Rb4 Rxb3 49. Rxb3 Nxb3 50. b7 Nd2+ 51. Kg2 1-0


[Site "https://www.chess.com"]

[Event "Titled Tuesday Blitz August 08 Late 2023"]
[White "Di Berardino, Diego Rafael"]
[Black "Baches Garcia, Guillermo"]
[WhiteFideId "2105446"]
[BlackFideId "2209764"]
[WhiteElo "2615"]
[BlackElo "2443"]
[Result "0-1"]
[Round "4"]
[TimeControl "180+1"]
[Date "2023.08.08"]
[WhiteClock "0:00:03"]
[BlackClock "0:00:59"]
[Board "92"]

1. e4 c5 2. Nf3 d6 3. d4 cxd4 4. Nxd4 Nf6 5. Nc3 Nc6 6. Bc4 Bd7 7. Bb3 g6 8. f3 Nxd4 9. Qxd4 Bg7 10. Bg5 O-O 11. Qd2 b5 12. O-O-O a5 13. Kb1 a4 14. Bd5 Rb8 15. a3 b4 16. axb4 Rxb4 17. Ka1 a3 18. Bb3 Qa5 19. Na2 Rfb8 20. Kb1 Be6 21. Nxb4 Rxb4 22. e5 Qxe5 23. c3 Rxb3 0-1


[Site "https://www.chess.com"]

[Event "Titled Tuesday Blitz August 08 Late 2023"]
[White "Sliwicki, Damian"]
[Black "Pantev, Veselin"]
[WhiteFideId "1127128"]
[BlackFideId "2901390"]
[WhiteElo "2433"]
[BlackElo "2613"]
[Result "0-1"]
[Round "4"]
[TimeControl "180+1"]
[Date "2023.08.08"]
[WhiteClock "0:01:11"]
[BlackClock "0:02:10"]
[Board "93"]

1. e4 c6 2. Nc3 d5 3. Nf3 dxe4 4. Nxe4 Nf6 5. Nxf6+ exf6 6. d4 Bd6 7. Bd3 O-O 8. O-O Re8 9. h3 Nd7 10. c4 Nf8 11. b3 Be6 12. Bb2 Qd7 13. Re1 Ng6 14. Nh2 Bxh3 15. gxh3 Qxh3 16. Rxe8+ Rxe8 17. f4 Bxf4 18. Nf3 Be3# 0-1


[Site "https://www.chess.com"]

[Event "Titled Tuesday Blitz August 08 Late 2023"]
[White "Swicarz, Maciej"]
[Black "Golubev, Mikhail"]
[WhiteFideId "1113585"]
[BlackFideId "14100983"]
[WhiteElo "2441"]
[BlackElo "2609"]
[Result "0-1"]
[Round "4"]
[TimeControl "180+1"]
[Date "2023.08.08"]
[WhiteClock "0:00:54"]
[BlackClock "0:00:09"]
[Board "94"]

1. e4 c5 2. Nc3 d6 3. d4 cxd4 4. Qxd4 a6 5. b3 Nc6 6. Qd2 Nf6 7. Bb2 e6 8. O-O-O Be7 9. Kb1 O-O 10. f3 b5 11. g4 Bb7 12. h4 Nd7 13. h5 b4 14. Nce2 a5 15. Nd4 Nxd4 16. Qxd4 e5 17. Qd2 h6 18. Bc4 Nb6 19. Bb5 d5 20. exd5 Nxd5 21. Ne2 Qc7 22. Bc4 Rfd8 23. Bd3 a4 24. Rdf1 axb3 25. axb3 Qa5 26. Rhg1 Bg5 27. f4 exf4 28. Nxf4 Nxf4 29. Rxf4 Rxd3 30. Qxd3 Qa2+ 31. Kc1 Bxf4+ 32. Kd1 Qxb2 0-1


[Site "https://www.chess.com"]

[Event "Titled Tuesday Blitz August 08 Late 2023"]
[White "Ingunza Curro, Andres"]
[Black "Altman, Joshua"]
[WhiteFideId "24526371"]
[BlackFideId "426210"]
[WhiteElo "2430"]
[BlackElo "2601"]
[Result "1-0"]
[Round "4"]
[TimeControl "180+1"]
[Date "2023.08.08"]
[WhiteClock "0:00:25"]
[BlackClock "0:00:27"]
[Board "95"]

1. e4 e6 2. d4 d5 3. Nc3 Nf6 4. e5 Nfd7 5. Nf3 c5 6. dxc5 Nc6 7. Bf4 Bxc5 8. Bd3 a6 9. a3 b5 10. h4 h6 11. Rh3 Qb6 12. Qe2 Nd4 13. Nxd4 Bxd4 14. Kf1 Bb7 15. Rg3 g6 16. a4 b4 17. a5 Qc7 18. Na4 Bxe5 19. Bxe5 Qxe5 20. Qf3 Qf6 21. Qe2 Ne5 22. Nb6 Ra7 23. Re1 Nxd3 24. Qxd3 Qxh4 25. Kg1 Qf6 26. Rf3 Qg5 27. Qd4 O-O 28. Nd7 Rfa8 29. Nf6+ Kg7 30. Nh5+ Kf8 31. Qg7+ Ke8 32. Rxe6+ Kd8 33. Qf8+ Kd7 34. Qxf7+ Kc8 35. Re8+ Qd8 36. Rxd8+ Kxd8 37. Qf8+ Kc7 38. Qc5+ Kd7 39. Rf7+ Ke6 40. Qe7# 1-0


[Site "https://www.chess.com"]

[Event "Titled Tuesday Blitz August 08 Late 2023"]
[White "Manukyan, Sargis A."]
[Black "Bogaudinov, Rushan"]
[WhiteFideId "13303970"]
[BlackFideId "4129288"]
[WhiteElo "2579"]
[BlackElo "2424"]
[Result "0-1"]
[Round "4"]
[TimeControl "180+1"]
[Date "2023.08.08"]
[WhiteClock "0:00:00"]
[BlackClock "0:00:16"]
[Board "96"]

1. d4 d5 2. c4 e6 3. Nc3 Nf6 4. Nf3 Be7 5. Bg5 O-O 6. e3 b6 7. cxd5 Nxd5 8. Bxe7 Nxe7 9. Bd3 Bb7 10. Bxh7+ Kxh7 11. Ng5+ Kh6 12. Qg4 Nf5 13. f4 g6 14. e4 Kg7 15. exf5 exf5 16. Qh3 Rh8 17. Qd3 Bxg2 18. Rg1 Qe7+ 19. Kd2 Bb7 20. h3 Nd7 21. Rae1 Qd6 22. Kc2 Rae8 23. d5 Qxf4 24. Ref1 Qe3 25. Ne6+ Rxe6 26. dxe6 Qxd3+ 27. Kxd3 fxe6 28. Rg3 Kf6 29. Kc2 a6 30. Rd1 Rh7 31. b4 Bc6 32. Ne2 Be4+ 33. Kb2 Ne5 34. Nf4 g5 35. Ne2 f4 36. Rc3 c6 37. Nd4 Bd5 38. Re1 Nc4+ 39. Kc1 Ne3 40. a4 Rxh3 41. b5 axb5 42. axb5 c5 43. Nc6 g4 44. Nb8 Nc4 45. Nd7+ Ke7 46. Ne5 Rxc3+ 47. Kb1 Re3 0-1


[Site "https://www.chess.com"]

[Event "Titled Tuesday Blitz August 08 Late 2023"]
[White "Deng, Henry"]
[Black "Djabri, Massinas"]
[WhiteFideId "30965454"]
[BlackFideId "7905726"]
[WhiteElo "2576"]
[BlackElo "2408"]
[Result "1-0"]
[Round "4"]
[TimeControl "180+1"]
[Date "2023.08.08"]
[WhiteClock "0:02:44"]
[BlackClock "0:00:00"]
[Board "97"]

1. e4 c5 2. Nc3 Nc6 3. Nf3 e5 4. Bc4 d6 5. O-O Be6 6. d3 Nf6 7. Kh1 Be7 8. Ng5 Bxc4 9. dxc4 h6 10. Nh3 g5 11. Ng1 Qd7 12. Nge2 O-O-O 13. Ng3 h5 14. Bxg5 h4 15. Nf5 Nd4 16. Nxe7+ Qxe7 17. Nd5 Qe6 18. Bxf6 Rdg8 19. Bxh8 1-0


[Site "https://www.chess.com"]

[Event "Titled Tuesday Blitz August 08 Late 2023"]
[White "Ismagilov, Damir"]
[Black "littlepinkyboy"]
[WhiteFideId "34199982"]
[WhiteElo "2570"]
[BlackElo "2402"]
[Result "0-1"]
[Round "4"]
[TimeControl "180+1"]
[Date "2023.08.08"]
[WhiteClock "0:00:11"]
[BlackClock "0:00:10"]
[Board "98"]

1. d4 d5 2. Bf4 Nf6 3. e3 g6 4. c4 c6 5. Nc3 Bg7 6. h3 O-O 7. Nf3 Nbd7 8. Be2 dxc4 9. Bxc4 b5 10. Bb3 Bb7 11. O-O a6 12. Rc1 c5 13. Ne5 cxd4 14. Qxd4 Nxe5 15. Bxe5 Qxd4 16. Bxd4 Rac8 17. a4 b4 18. Na2 a5 19. f3 Bd5 20. Bxd5 Nxd5 21. Bxg7 Kxg7 22. Kf2 b3 23. Nc3 Nxc3 24. Rxc3 Rxc3 25. bxc3 Rc8 26. Rc1 Rc4 27. Rb1 Rxc3 28. Ke2 Rc2+ 29. Kd3 Rxg2 30. Rxb3 Ra2 31. Rb7 e6 32. f4 Rxa4 33. h4 Ra1 34. Ra7 a4 35. Ke4 Kf6 36. Kf3 a3 37. Kg2 a2 38. Ra5 Ke7 39. Ra7+ Kd6 40. e4 Kc5 41. e5 Kd4 42. Ra6 Ke4 43. Ra4+ Ke3 44. Kh2 Kf3 45. h5 gxh5 46. Ra7 Kxf4 47. Rxf7+ Kxe5 48. Ra7 Kd4 49. Ra4+ Kd5 50. Ra5+ Kd6 51. Ra6+ Ke7 52. Ra7+ Kf6 53. Ra6 Kf5 54. Ra8 e5 55. Rf8+ Ke4 56. Ra8 Kf4 57. Rf8+ Ke3 58. Ra8 e4 59. Kg2 h4 60. Ra4 Kf4 61. Ra8 e3 62. Rf8+ Ke4 63. Re8+ Kd3 64. Rd8+ Ke2 65. Ra8 Kd2 66. Rd8+ Ke1 67. Ra8 e2 68. Ra7 Kd2 69. Rd7+ Kc3 70. Rc7+ Kb4 71. Rb7+ Kc5 72. Rc7+ Kb6 73. Re7 e1=Q 74. Rxe1 Rxe1 75. Kf3 Rb1 76. Kg4 a1=Q 77. Kh5 Rb5+ 78. Kh6 Qf6+ 79. Kxh7 Rh5+ 0-1


[Site "https://www.chess.com"]

[Event "Titled Tuesday Blitz August 08 Late 2023"]
[White "Principe, Alexander"]
[Black "Leschinsky, Gary"]
[WhiteFideId "3804542"]
[BlackFideId "30951321"]
[WhiteElo "2559"]
[BlackElo "2372"]
[Result "1-0"]
[Round "4"]
[TimeControl "180+1"]
[Date "2023.08.08"]
[WhiteClock "0:00:15"]
[BlackClock "0:00:07"]
[Board "99"]

1. e4 c5 2. Nf3 e6 3. d4 cxd4 4. Nxd4 Nf6 5. Bd3 Nc6 6. Nxc6 dxc6 7. O-O e5 8. Bg5 h6 9. Bh4 Bc5 10. Nd2 O-O 11. Kh1 g5 12. Bg3 Qe7 13. Nb3 Bd6 14. Qe1 Be6 15. f3 Kg7 16. Bf2 h5 17. Be3 Nd7 18. Qf2 Rh8 19. c4 f6 20. c5 Bc7 21. h4 Nf8 22. Qg3 Kg6 23. f4 exf4 24. e5+ Kf7 25. Bxf4 gxf4 26. Qxf4 Rd8 27. Nd4 Bg4 28. Rae1 Rd5 29. Bc4 Ng6 30. Qxf6+ Qxf6 31. Rxf6+ Kg7 32. Bxd5 cxd5 33. Nf5+ Bxf5 34. Rxf5 d4 35. g3 d3 36. Kg2 Re8 37. Rxh5 Bxe5 38. Rd1 Rd8 39. Kf3 Bxb2 40. Ke3 Bd4+ 41. Kxd3 Bxc5+ 42. Kc2 Rc8 43. Kb3 Rc7 44. Rdd5 Be7 45. Rhf5 Bf6 46. Rd6 Rc3+ 47. Kb4 a5+ 48. Kxa5 Ra3+ 49. Kb4 Be7 50. Kxa3 Bxd6+ 51. Ka4 Bxg3 52. h5 Ne7 53. Rg5+ Kf6 54. Rxg3 Nf5 55. Rf3 Kg5 56. Rxf5+ Kxf5 57. Kb5 Kg5 58. Kb6 Kxh5 59. Kxb7 Kg6 60. a4 Kf6 61. a5 Ke6 62. a6 1-0


[Site "https://www.chess.com"]

[Event "Titled Tuesday Blitz August 08 Late 2023"]
[White "Janaszak, Dawid"]
[Black "Lopez Gracia, Fernando"]
[WhiteFideId "1119206"]
[BlackFideId "2207184"]
[WhiteElo "2551"]
[BlackElo "2339"]
[Result "1/2-1/2"]
[Round "4"]
[TimeControl "180+1"]
[Date "2023.08.08"]
[WhiteClock "0:00:08"]
[BlackClock "0:00:11"]
[Board "100"]

1. d4 Nf6 2. Nc3 d5 3. Bf4 e6 4. a3 a6 5. e3 c5 6. g4 h6 7. Qf3 Nc6 8. O-O-O Qa5 9. Nge2 b5 10. dxc5 Bxc5 11. Nd4 Bxa3 12. Nxc6 Qxc3 13. bxa3 Qxc6 14. Bd3 Bb7 15. Be5 Qc5 16. Kb2 Qe7 17. Rhg1 b4 18. a4 Rc8 19. h4 Ne4 20. Bxg7 Rg8 21. Be5 f6 22. Bd4 e5 23. Bb6 Qe6 24. a5 Qc6 25. Qf5 Qc3+ 26. Kb1 Rc6 27. Bxe4 dxe4 28. Qd7+ Kf8 29. Qd8+ Kg7 30. Qe7+ Kh8 31. Rd7 Qxc2+ 32. Ka1 Qa4+ 33. Kb1 Qb3+ 34. Ka1 Qc3+ 35. Kb1 Qc2+ 36. Ka1 Qc3+ 37. Kb1 Qb3+ 38. Ka1 Qa3+ 39. Kb1 Qb3+ 1/2-1/2


[Site "https://www.chess.com"]

[Event "Titled Tuesday Blitz August 08 Late 2023"]
[White "The_Straightforward_Rook"]
[Black "Santos Flores, Alberto"]
[BlackFideId "3601234"]
[WhiteElo "2284"]
[BlackElo "2549"]
[Result "0-1"]
[Round "4"]
[TimeControl "180+1"]
[Date "2023.08.08"]
[WhiteClock "0:00:16"]
[BlackClock "0:00:19"]
[Board "101"]

1. d4 d5 2. Nf3 Nf6 3. c4 c6 4. cxd5 cxd5 5. Nc3 Nc6 6. Bf4 Bf5 7. Qb3 Na5 8. Qa4+ Bd7 9. Qc2 e6 10. e3 Rc8 11. Bd3 Be7 12. O-O O-O 13. Rfc1 b5 14. Qe2 a6 15. Ne5 Nc4 16. Rc2 Nxe5 17. Bxe5 h6 18. Rac1 Qb6 19. h3 b4 20. Nb1 Rxc2 21. Rxc2 Bb5 22. Bxb5 axb5 23. Rc7 Bd6 24. Bxd6 Qxd6 25. Qc2 Qa6 26. b3 Ra8 27. Nd2 g6 28. Nf3 Qxa2 29. Qc5 Ne4 30. Qc2 Qxc2 31. Rxc2 Ra1+ 32. Kh2 Rb1 33. Ne5 Nc3 34. Nd3 Rxb3 35. Nxb4 Rxb4 36. Rxc3 Rc4 37. Rb3 b4 38. Kg3 Kf8 39. Kf4 Ke7 40. g4 g5+ 41. Kf3 Kd6 42. Ke2 Kc6 43. Rb1 Kb5 44. Kd3 Rc3+ 45. Kd2 Ra3 46. Rc1 Ra7 47. Rc5+ Ka4 48. Rc1 Kb3 49. Rb1+ Kc4 50. Rc1+ Kb5 51. Rc5+ Kb6 52. Rc8 Ra2+ 53. Kd3 Rxf2 54. Rb8+ Ka5 55. Ra8+ Kb5 56. Rb8+ Ka4 57. Rb7 Kb3 58. e4 dxe4+ 59. Ke3 Rf1 60. Kxe4 Kc3 61. Rc7+ Kb2 62. d5 exd5+ 63. Kxd5 b3 64. Rc6 Kb1 65. Rxh6 b2 66. Kd6 Rf2 0-1


[Site "https://www.chess.com"]

[Event "Titled Tuesday Blitz August 08 Late 2023"]
[White "ElDivis"]
[Black "Josgar05"]
[WhiteElo "2519"]
[BlackElo "2265"]
[Result "1-0"]
[Round "4"]
[TimeControl "180+1"]
[Date "2023.08.08"]
[WhiteClock "0:01:20"]
[BlackClock "0:00:44"]
[Board "103"]

1. e4 c6 2. d4 g6 3. h4 h6 4. h5 g5 5. f4 gxf4 6. Bxf4 Bg7 7. Nf3 d5 8. e5 Bg4 9. Rh4 Bxf3 10. Qxf3 e6 11. Rg4 Kf8 12. Qg3 Ne7 13. Rxg7 Nf5 14. Rxf7+ Kxf7 15. Qg6+ Ke7 16. g4 Nh4 17. Qg7+ Ke8 18. Qxh8+ Kd7 19. Qxd8+ Kxd8 20. Bxh6 Nf3+ 21. Kf2 Nxd4 22. Bd3 c5 23. Bg7 c4 24. Bg6 Nbc6 25. c3 Nb5 26. Nd2 Ne7 27. Bc2 Kd7 28. h6 d4 29. cxd4 Nxd4 30. Be4 1-0


[Site "https://www.chess.com"]